AoeStats
← zicolone

Arena

508756192Analyzed
3v3 RM · 8d ago on Sep 23, 2026· 48m 38s· 6 players
Game mode
Random Map
Map size
Normal (6 player)
Population
200
Speed
Normal
Resources
Standard
Victory
Conquest
Starting age
Dark Age
Ending age
Imperial Age
RankedLock teamsTeams togetherTeam positionsShared explorationLock speedFull tech treeHidden civsTurbo modeCheats
Victory
Defeat
🇦🇷 Italians · Argentina
1042
+15
🇩🇪 Persians · Germany
1040
+15
1018
+15
🇦🇷 Khmer · Argentina
1326
-27
🇦🇷 Turks · Argentina
883
-10
🇦🇷 Georgians · Argentina
836
-8
AFABOSTERA
11:10 Feudal Age
11:46 Double-Bit Axe
11:55 Gold Mining
17:52 Castle Age
18:32 Padded Archer Armor
18:22 Horse Collar
19:07 Stone Mining
38:38 Imperial Age
37:27 Heavy Plow
38:09 Wheelbarrow
47:49 Conscription
NT | MCLovin1986
11:42 Feudal Age
14:44 Castle Age
12:33 Double-Bit Axe
12:39 Horse Collar
15:36 Bow Saw
27:19 Imperial Age
24:37 Loom
24:39 Town Watch
27:24 Ballistics
27:16 Masonry
27:31 Gold Mining
28:41 Wheelbarrow
28:37 Conscription
31:07 Double Crossbow
32:22 Chemistry
33:38 Architecture
34:25 Heavy Scorpion
38:20 Scale Barding Armor
38:25 Forging
37:58 Light Cavalry
38:49 Bloodlines
38:39 Husbandry
38:52 Forging
38:51 Hussar
b3rm3
8:32 Loom
10:31 Feudal Age
17:58 Castle Age
17:22 Double-Bit Axe
19:05 Horse Collar
27:35 Forging
27:31 Scale Barding Armor
27:21 Fletching
28:34 Bow Saw
28:15 Gold Mining
28:18 Stone Mining
29:17 Husbandry
29:27 Bloodlines
29:17 Pikeman
29:58 Squires
29:43 Gambesons
35:41 Imperial Age
37:36 Chain Barding Armor
37:52 Iron Casting
39:39 Fortified Wall
40:00 Halberdier
40:53 Scale Mail Armor
45:51 Elite Skirmisher
49:32 Blast Furnace
48:47 Chain Mail Armor
zicolone
10:45 Feudal Age
14:28 Castle Age
13:04 Double-Bit Axe
13:29 Horse Collar
17:20 Heavy Plow
17:38 Bow Saw
23:01 Town Watch
23:38 Heavy Plow
24:40 Scale Barding Armor
25:10 Loom
27:26 Bloodlines
27:16 Husbandry
28:45 Wheelbarrow
32:26 Imperial Age
30:14 Hand Cart
30:43 Forging
32:42 Chain Barding Armor
32:57 Iron Casting
32:04 Cavalier
33:13 Conscription
34:16 Two-Man Saw
33:49 Crop Rotation
35:29 Chemistry
36:06 Plate Barding Armor
36:32 Blast Furnace
37:19 Savar
46:11 Fletching
46:22 Padded Archer Armor
BP MonoSimon
6:38 Loom
9:42 Feudal Age
10:09 Double-Bit Axe
15:58 Castle Age
16:36 Horse Collar
23:13 Fletching
23:10 Pikeman
27:35 Wheelbarrow
26:48 Town Watch
27:30 Bodkin Arrow
27:36 Padded Archer Armor
31:55 Imperial Age
30:25 Thumb Ring
31:27 Bloodlines
31:18 Husbandry
31:24 Squires
31:10 Arson
32:24 Ballistics
31:30 Light Cavalry
33:10 Conscription
42:18 Chemistry
41:03 Hussar
44:16 Scale Barding Armor
44:22 Forging
45:35 Elite Genoese Crossbowman
47:02 Elite Genoese Crossbowman
El lechero de la muerte
0:32 Loom
11:42 Feudal Age
15:39 Castle Age
16:22 Town Watch
25:32 Wheelbarrow
36:11 Imperial Age
37:51 Hand Cart
44:23 Chemistry
43:44 Ballistics
43:35 Masonry
43:09 Elite Organ Gun
43:51 Arquebus
43:52 Double-Bit Axe
43:58 Horse Collar
Connection lost

Rejoining the realm…

Still unreachable

The connection could not be restored.

Session expired

The server has moved on; the page needs a fresh start.